 Dungeon Crawl Stone Soup version 0.29-a0-824-gd827844252 (webtiles) character file.

Game seed: 8477256775051342311

2466 jimonade the Destroyer (level 9, -11/66 HPs)
             Began as a Gnoll Conjurer on July 10, 2022.
             Was an Initiate of Vehumet.
             Mangled by a hornet (12 damage)
             ... while paralysed by a hornet
             ... on level 8 of the Dungeon.
             The game lasted 00:23:22 (8292 turns).

jimonade the Destroyer (Gnoll Conjurer)             Turns: 8292, Time: 00:23:23

Health: -11/66     AC:  3    Str: 11    XL:     9   Next: 50%
Magic:  12/19      EV:  2    Int: 18    God:    Vehumet [......]
Gold:   310        SH:  0    Dex: 10    Spells: 7/21 levels left

rFire   . . .      SeeInvis .   O - staff of cold
rCold   + . .      Faith    .   f - +0 buckler
rNeg    . . .      Spirit   .   H - +0 robe
rPois   +          Reflect  .   (no helmet)
rElec   .          Harm     .   E - +0 cloak
rCorr   .          Rampage  .   (no gloves)
Will    .....                   (no boots)
Stlth   +++.......              q - amulet of magic regeneration
HPRegen 0.21/turn               J - ring of poison resistance
MPRegen 0.56/turn               (no ring)

@: paralysed, lethally poisoned (-11 -> -13), very slightly contaminated
A: fangs 1, strong nose, distributed training
a: Renounce Religion


You were on level 8 of the Dungeon.
You worshipped Vehumet.
Vehumet was noncommittal.
You visited 2 branches of the dungeon, and saw 9 of its levels.

You collected 508 gold pieces.
You spent 198 gold pieces at shops.

Inventory:

Hand Weapons
 c - a +0 whip
 d - a +0 dagger
 k - a +0 spear
 l - a +0 hand axe
 y - a +0 short sword
 G - a +0 quarterstaff
 K - a +0 war axe
 P - a +0 shortbow
Missiles
 a - 10 poisoned darts
 B - 5 boomerangs
Armour
 e - a +0 leather armour
 f - a +0 buckler (worn)
 x - a +0 chain mail
 A - a +0 ring mail
 E - a +0 cloak (worn)
 H - a +0 robe (worn)
 M - a +0 plate armour
Magical Staves
 O - a staff of cold (weapon)
 T - a staff of earth
Jewellery
 o - an amulet of guardian spirit
 q - an amulet of magic regeneration (around neck)
 J - a ring of poison resistance (left hand)
 U - a +4 ring of evasion
Wands
 F - a wand of flame (16)
 N - a wand of paralysis (6)
 R - a wand of roots (12)
Scrolls
 g - a scroll of vulnerability {unknown}
 m - 4 scrolls of noise {unknown}
 r - 2 scrolls of fear {unknown}
 s - a scroll of poison {unknown}
 w - 3 scrolls of amnesia {unknown}
 C - 2 scrolls of immolation {unknown}
 D - 2 scrolls of magic mapping {unknown}
 I - a scroll of silence {unknown}
 L - 5 scrolls of teleportation {unknown}
 S - 3 scrolls of acquirement {unknown}
Potions
 b - 2 potions of magic
 h - a potion of resistance
 i - a potion of haste
 j - a potion of cancellation
 n - 3 potions of might
 p - 3 potions of curing
 t - a potion of mutation {unknown}
 u - 3 potions of invisibility
 v - 3 potions of heal wounds {unknown}
 z - 2 potions of berserk rage
 Q - a potion of flight {unknown}


   Skills:
 + Level 4.5 Fighting
 + Level 4.5 Short Blades
 + Level 4.5 Long Blades
 + Level 4.5 Axes
 + Level 4.5 Maces & Flails
 + Level 4.5 Polearms
 + Level 4.5 Staves
 + Level 4.5 Ranged Weapons
 + Level 4.5 Throwing
 + Level 4.5 Armour
 + Level 6.5 Dodging
 + Level 6.2 Stealth
 + Level 4.5 Shields
 + Level 4.5 Unarmed Combat
 + Level 6.8 Spellcasting
 + Level 8.1 Conjurations
 + Level 3.7 Hexes
 + Level 3.7 Summonings
 + Level 3.7 Necromancy
 + Level 3.7 Translocations
 + Level 3.7 Transmutations
 + Level 3.7 Fire Magic
 + Level 3.7 Ice Magic
 + Level 3.7 Air Magic
 + Level 3.7 Earth Magic
 + Level 3.7 Poison Magic
 + Level 4.9 Invocations
 + Level 4.5 Evocations


You had 7 spell levels left.
You knew the following spells:

 Your Spells              Type           Power      Damage    Failure   Level
a - Magic Dart            Conj           100%       1d8       1%          1
b - Searing Ray           Conj           70%        2d7       1%          2
c - Fulminant Prism       Conj/Hex       13%        3d9       12%         4
d - Iskenderun's Mystic   Conj/Tloc      27%        2d7       12%         4
e - Frozen Ramparts       Ice            58%        1d7       10%         3

Your spell library contained the following spells:

 Spells                   Type           Power      Damage    Failure   Level
 Dazzling Flash           Conj/Hex       54%        N/A       3%          3
 Scorch                   Fire           38%        2d6       4%          2
 Ice Form                 Ice/Tmut       29%        N/A       30%         4
 Freezing Cloud           Conj/Ice/Air   18%        6-21      43%         5
 Summon Forest            Summ/Tloc      9%         N/A       65%         5
 Eringya's Noxious Bog    Tmut/Pois      9%         N/A       99%         6
 Summon Hydra             Summ           9%         N/A       100%        7


Dungeon Overview and Level Annotations

Branches:
Dungeon (8/15)             Temple (1/1) D:5
   Lair: D:8-11

Altars:
Dithmenos
Elyvilon
Fedhas
Hepliaklqana
Kikubaaqudgha
Makhleb
Qazlal
Ru
Uskayaw
Vehumet
Wu Jian
Xom
Yredelemnul
The Shining One

Shops:
D:5 ([*

Annotations:
D:8 Erica, Pikel


Innate Abilities, Weirdness & Mutations

You have very sharp teeth.
Your uncanny sense of smell can sniff out nearby items.
Your experience applies equally to all skills.


Message History

The lemure is severely wounded.
The searing ray misses the hornet.
The wall freezes the lemure.
The searing ray hits the lemure.
You kill the lemure!
That felt strangely unrewarding.
You finish channelling your searing ray.
You hear a shout!
The wall freezes the hornet.
Casting: Searing Ray (safe; 1% risk of failure)
Confirm with . or Enter, or press ? or * to list all spells.
Okay, then.
Unknown command.
Unknown command.
Your frozen ramparts will break if you move.
Continue?
Okay, then.
Unknown command.
Your frozen ramparts will break if you move.
Continue?
The hornet attacks as you move away! The hornet misses you.
The frozen ramparts melt away as you move.
The hornet attacks as you move away! The hornet stings you!
You are poisoned.
You feel sick.
A bullfrog comes into view.
The hornet misses you.
There is a stone staircase leading up here.
Casting: Searing Ray (safe; 1% risk of failure)
Confirm with . or Enter, or press ? or * to list all spells.
You miscast Iskenderun's Mystic Blast.
You are very lightly contaminated with residual magic.
Nothing appears to happen.
The bullfrog croaks.
You feel sick. The hornet stings you!
You suddenly lose the ability to move!
Erica the Fiery-Tempered comes into view.
She is wielding a +3 scimitar of flaming.
You feel sick. The hornet stings you!
* * * LOW HITPOINT WARNING * * *
The hornet stings you!
* * * LOW HITPOINT WARNING * * *
* * * LOW HITPOINT WARNING * * *
You feel sick. The hornet stings you!
You die...

#### K. #..##
... #..<##
.5.# ##....##
...5# #..@...#
...*.#
#..y..##
......##.F...#
.......#....##
........#..##
#.....@..###
##....K...#
#.........#
##.........#


You could see Erica, Pikel, a hornet and a bullfrog.

Vanquished Creatures
  Prince Ribbit (D:6)
  Eustachio (D:6)
  A steam dragon (D:7)
  5 humans (D:7)
  A water moccasin (D:5)
  A sky beast (D:7)
  A centaur (D:6)
  2 lemures (D:8)
  A phantom (D:6)
  Blork the orc (D:6)
  3 necrophages
  A bullfrog (D:7)
  2 scorpions
  A jelly (D:5)
  An orc priest (D:6)
  5 hounds
  An iguana (D:4)
  3 orc wizards
  5 gnolls
  8 adders
  A shadow imp (D:5)
  2 white imps
  3 dart slugs
  15 orcs
  6 ball pythons
  4 endoplasms
  7 giant cockroaches
  5 hobgoblins
  6 jackals
  7 kobolds (D:1)
  3 quokkas
  6 bats
  2 frilled lizards
  3 goblins
  3 rats
118 creatures vanquished.

Vanquished Creatures (others)
  20 fulminant prisms
20 creatures vanquished.

Grand Total: 138 creatures vanquished

Notes
Turn   | Place    | Note
-------+----------+-------------------------------------------
     0 | D:1      | jimonade the Gnoll Conjurer began the quest for the Orb.
     0 | D:1      | Reached XP level 1. HP: 13/13 MP: 6/6
   179 | D:1      | Reached XP level 2. HP: 19/19 MP: 5/7
   633 | D:1      | Reached skill level 5 in Spellcasting
   633 | D:1      | Reached XP level 3. HP: 25/25 MP: 3/9
   641 | D:1      | Reached skill level 1 in Invocations
  1299 | D:2      | Learned a level 2 spell: Searing Ray
  1429 | D:2      | Reached skill level 1 in Fighting
  1429 | D:2      | Reached skill level 1 in Short Blades
  1429 | D:2      | Reached skill level 1 in Long Blades
  1429 | D:2      | Reached skill level 1 in Axes
  1429 | D:2      | Reached skill level 1 in Maces & Flails
  1429 | D:2      | Reached skill level 1 in Polearms
  1429 | D:2      | Reached skill level 1 in Staves
  1429 | D:2      | Reached skill level 1 in Ranged Weapons
  1429 | D:2      | Reached skill level 1 in Throwing
  1429 | D:2      | Reached skill level 1 in Armour
  1429 | D:2      | Reached skill level 1 in Shields
  1429 | D:2      | Reached skill level 1 in Unarmed Combat
  1429 | D:2      | Reached skill level 1 in Evocations
  2081 | D:2      | Reached XP level 4. HP: 32/32 MP: 8/11
  2289 | D:2      | Found a faded altar of an unknown god.
  2355 | D:2      | Reached skill level 1 in Hexes
  2355 | D:2      | Reached skill level 1 in Summonings
  2355 | D:2      | Reached skill level 1 in Necromancy
  2355 | D:2      | Reached skill level 1 in Translocations
  2355 | D:2      | Reached skill level 1 in Transmutations
  2355 | D:2      | Reached skill level 1 in Fire Magic
  2355 | D:2      | Reached skill level 1 in Ice Magic
  2355 | D:2      | Reached skill level 1 in Air Magic
  2355 | D:2      | Reached skill level 1 in Earth Magic
  2355 | D:2      | Reached skill level 1 in Poison Magic
  2359 | D:2      | Reached XP level 5. HP: 17/37 MP: 1/12
  2634 | D:3      | Learned a level 4 spell: Fulminant Prism
  2639 | D:3      | Learned a level 4 spell: Iskenderun's Mystic Blast
  3591 | D:4      | Got the Book of Calefaction and Snow
  3694 | D:4      | Reached XP level 6. HP: 19/44 MP: 0/13
  3919 | D:4      | Reached skill level 5 in Dodging
  4459 | D:5      | Entered Level 5 of the Dungeon
  4464 | D:5      | Found Otuideh's Assorted Antiques.
  4468 | D:5      | Bought a scroll labelled CUKLA ECOFECOPN for 30 gold pieces
  4468 | D:5      | Bought a scroll labelled VAHUPP NOLU for 30 gold pieces
  4468 | D:5      | Bought a scroll labelled VASARI BYLELES for 30 gold pieces
  4516 | D:5      | Learned a level 3 spell: Frozen Ramparts
  4549 | D:5      | Found Vieclaor's Antique Armour Shop.
  4553 | D:5      | Bought a buckler for 108 gold pieces
  4883 | D:5      | Found a staircase to the Ecumenical Temple.
  4893 | Temple   | Entered the Ecumenical Temple
  5060 | D:5      | Noticed a water moccasin
  5067 | D:5      | Killed a water moccasin
  5068 | D:5      | Reached XP level 7. HP: 37/51 MP: 6/15
  5164 | D:5      | Found Imir's Weapon Shop.
  5451 | D:5      | Reached skill level 5 in Stealth
  5644 | D:6      | Noticed Prince Ribbit
  5652 | D:6      | Killed Prince Ribbit
  5790 | D:6      | Reached XP level 8. HP: 49/58 MP: 11/16
  6296 | D:6      | Noticed Blork the orc
  6434 | D:6      | Killed Blork the orc
  6470 | D:6      | Noticed Eustachio
  6483 | D:6      | Killed Eustachio
  7289 | D:7      | Found a hazy altar of Hepliaklqana.
  7294 | D:7      | Found a radiant altar of Vehumet.
  7317 | D:7      | Became a worshipper of Vehumet
  7355 | D:7      | Reached XP level 9. HP: 49/65 MP: 13/18
  7791 | D:7      | Reached skill level 8 in Conjurations
  8270 | D:8      | Noticed Pikel
  8281 | D:8      | Noticed a hornet
  8290 | D:8      | Paralysed by a hornet for 3 turns
  8290 | D:8      | Noticed Erica
  8291 | D:8      | HP: 2/66 [hornet (14)]
  8292 | D:8      | Mangled by a hornet

Illustrated notes

Levels and vault maps discovered:
D:1:      lemuel_arrival_tunnels, layout_basic
D:2:      layout_basic, dilly_ecumenical_altar_fadedgnrine,
          kennysheep_another_room, minmay_misc_feat_roman
D:3:      layout_loops_ring
D:4:      layout_loops_ring
D:5:      layout_basic, minmay_temple_entry_glassed_door, serial_shops,
          nicolae_shop_bloodbath_and_beyond, nicolae_square_shop,
          kennysheep_mini
D:6:      layout_basic, chequers_serial_rivers_small_a, uniq_blork_the_orc,
          uniq_prince_ribbit1, uniq_eustachio
D:7:      layout_basic, grunt_temple_overflow_open, minmay_ruffians
D:8:      layout_cave_pods, mainiacjoe_overflow_boulevard, kennysheep_mini_moat,
          kennysheep_generic_room_5, uniq_erica, uniq_maurice, uniq_pikel
Temple:   nicolae_temple_godzebo

Skill      XL: |  1  2  3  4  5  6  7  8  9 |
---------------+----------------------------+-----
Spellcasting   | 5 6 |  6.8
Invocations    | 1 2 3 4 |  4.9
Fighting       | 1 2 3 4 |  4.5
Short Blades   | 1 2 3 4 |  4.5
Long Blades    | 1 2 3 4 |  4.5
Axes           | 1 2 3 4 |  4.5
Maces & Flails | 1 2 3 4 |  4.5
Polearms       | 1 2 3 4 |  4.5
Staves         | 1 2 3 4 |  4.5
Ranged Weapons | 1 2 3 4 |  4.5
Throwing       | 1 2 3 4 |  4.5
Armour         | 1 2 3 4 |  4.5
Shields        | 1 2 3 4 |  4.5
Unarmed Combat | 1 2 3 4 |  4.5
Evocations     | 1 2 3 4 |  4.5
Hexes          | 1 2 3 |  3.7
Summonings     | 1 2 3 |  3.7
Necromancy     | 1 2 3 |  3.7
Translocations | 1 2 3 |  3.7
Transmutations | 1 2 3 |  3.7
Fire Magic     | 1 2 3 |  3.7
Ice Magic      | 1 2 3 |  3.7
Air Magic      | 1 2 3 |  3.7
Earth Magic    | 1 2 3 |  3.7
Poison Magic   | 1 2 3 |  3.7
Dodging        | 5 6 |  6.5
Stealth        | 5 6 |  6.2
Conjurations   | 8 |  8.1

Action                   |  1- 3 |  4- 6 |  7- 9 || total
-------------------------+-------+-------+-------++-------
Melee: Spear             |     3 |    26 |       ||    29
       Bite              |       |     8 |     1 ||     9
       Quarterstaff      |       |    23 |       ||    23
       Staff             |       |       |     2 ||     2
 Cast: Magic Dart        |    56 |    42 |    33 ||   131
       Searing Ray       |       |    11 |    26 ||    37
       Frozen Ramparts   |       |     1 |    11 ||    12
       Fulminant Prism   |       |       |    20 ||    20
  Use: Scroll            |       |     7 |       ||     7
 Stab: Sleeping          |       |     2 |       ||     2
       Distracted        |       |     1 |       ||     1
Armor: Robe              |       |    11 |     7 ||    18
Dodge: Dodged            |     9 |    35 |    32 ||    76
Block: Buckler           |       |     1 |       ||     1

Table legend: (Time is in decaauts)
 A = Elapsed time spent in this place.
 B = Non-inter-level travel time spent in this place.
 C = Inter-level travel time spent in this place.
 D = Time resting spent in this place.
 E = Time spent auto-exploring this place.
 F = Levels seen in this place.
 G = Mean time per level.
                   A        B        C        D        E       F      G
               +--------+--------+--------+--------+--------+-----+--------+
         Total |   8296 |   8009 |    287 |    480 |   5927 |   9 |  921.8 |
       Dungeon |   8146 |   7884 |    262 |    480 |   5824 |   8 | 1018.2 |
        Temple |    150 |    125 |     25 |      0 |    103 |   1 |  150.0 |
               +--------+--------+--------+--------+--------+-----+--------+

Top non-repeatable levels by time:
     D:2: 1285 daAuts
     D:1: 1265 daAuts
     D:6: 1256 daAuts
     D:7: 1222 daAuts
     D:5: 1174 daAuts
     D:3: 1022 daAuts
     D:4: 889 daAuts
  Temple: 150 daAuts
     D:8: 30 daAuts
